 Dungeon Crawl Stone Soup version 0.30-a0-462-gd5975efbca (webtiles) character file.

Game seed: 10823462665289812754

888740 p00ps00p the Conqueror (level 27, -20/273 HPs)
             Began as a Hill Orc Fighter on Dec 16, 2022.
             Was an Initiate of Gozag.
             Killed from afar by a Brimstone Fiend (39 damage)
             ... with damnation
             ... on level 7 of Gehenna on Dec 17, 2022.
             The game lasted 04:01:32 (94102 turns).

p00ps00p the Conqueror (Hill Orc Fighter)          Turns: 94102, Time: 04:01:33

Health: -20/273    AC: 58    Str: 44 (45) XL:     27
Magic:  0/23       EV: 25    Int:  7      God:    Gozag
Gold:   2631       SH: 21    Dex: 14      Spells: 26/26 levels left

rFire   + + +      SeeInvis +    Q - +8 mithril axe "Arga" {speed, Will+}
rCold   + + +      Faith    .    I - +3 kite shield of Living Mirth {rElec rC+++ Regen+ Dex-2}
rNeg    + + .      Spirit   +    Y - +12 gold dragon scales
rPois   +          Reflect  .    t - +1 helmet of Wonder {rN+ Regen+ Dex+3 Slay+3}
rElec   +          Harm     .    B - +2 cloak "Juegh" {Str+4 Slay+2}
rCorr   .          Rampage  .    c - +2 pair of gloves {Dex+3}
Will    +++++                    e - +2 pair of boots of Recklessness {rF+ Will++ Dex-2}
Stlth   ..........               M - amulet "Wuatue" {Spirit rF+ rN+}
HPRegen 2.25/turn                T - ring of Xiotic {EV+4 Str+4 Dex+3}
MPRegen 0.18/turn                h - ring of Yneudu {AC+4 SInv}

@: studying Air Magic, unable to read
A: strong-willed 1, strong 1, wild magic 1
}: 5/15 runes: decaying, slimy, silver, abyssal, gossamer
a: Renounce Religion, Potion Petition, Call Merchant, Bribe Branch


You were on level 7 of Gehenna.
You worshipped Gozag.
Gozag was most pleased with you.
You visited 15 branches of the dungeon, and saw 67 of its levels.
You visited the Abyss 7 times.
You visited 1 bazaar.
You visited 1 ziggurat, and saw 3 of its levels.
You also visited: Sewer, Ossuary, Bailey, Gauntlet, Ice Cave, Volcano and Wizlab.

You collected 48985 gold pieces.
You spent 15353 gold pieces at shops.
You paid 31001 gold pieces to Gozag.

Inventory:

Hand Weapons
 a - a +3 antimagic broad axe
 l - a +9 broad axe of flaming
 Q - the +8 mithril axe "Arga" (weapon) {speed, Will+}
   (You bought it in a shop on level 9 of the Dungeon)

   Attacks with this weapon are significantly faster.
   Will:      It increases your willpower.
Armour
 c - a +2 pair of gloves of dexterity (worn)
 e - the +2 pair of boots of Recklessness (worn) {rF+ Will++ Dex-2}
   (You found it on level 7 of Gehenna)

   Dex:       It affects your dexterity (-2).
   rF:        It protects you from fire.
   Will:      It greatly increases your willpower.
 t - the +1 helmet of Wonder (worn) {rN+ Regen+ Dex+3 Slay+3}
   (You bought it in a shop on level 4 of the Depths)

   Dex:       It affects your dexterity (+3).
   Slay:      It affects your accuracy & damage with ranged weapons and melee
   (+3).
   rN:        It protects you from negative energy.
   Regen:     It increases your rate of health regeneration.
 y - a +0 tower shield
 B - the +2 cloak "Juegh" (worn) {Str+4 Slay+2}
   (You bought it in a shop in the Vestibule of Hell)

   Str:       It affects your strength (+4).
   Slay:      It affects your accuracy & damage with ranged weapons and melee
   (+2).
 F - the +1 cloak of Axzitik {Regen+}
   (You bought it in a shop in the Vestibule of Hell)

   Regen:     It increases your rate of health regeneration.
 I - the +3 kite shield of Living Mirth (worn) {rElec rC+++ Regen+ Dex-2}
   (You acquired it on level 7 of the Dungeon)

   Dex:       It affects your dexterity (-2).
   rC:        It renders you almost immune to cold.
   rElec:     It insulates you from electricity.
   Regen:     It increases your rate of health regeneration.
 O - a scarf of repulsion
 P - the +2 pair of boots of Eternal Vigilance {rF+ Int+4}
   (You bought it in a shop on level 5 of the Lair of Beasts)

   Int:       It affects your intelligence (+4).
   rF:        It protects you from fire.
 U - the +9 scales of the Dragon King {rPois rF+ rC+ Will+}
   (You bought it in a shop on level 14 of the Dungeon)

   rF:        It protects you from fire.
   rC:        It protects you from cold.
   rPois:     It protects you from poison.
   Will:      It increases your willpower.
 Y - +12 gold dragon scales (worn)
Jewellery
 b - the amulet "Olow" {rElec rC- Will++ Regen+ Dex+2}
   (You bought it in a shop on level 3 of the Crypt)

   [amulet of regeneration]

   Dex:       It affects your dexterity (+2).
   rC:        It makes you vulnerable to cold.
   rElec:     It insulates you from electricity.
   Regen:     It increases your rate of health regeneration.
   Will:      It greatly increases your willpower.
 h - the ring of Yneudu (right hand) {AC+4 SInv}
   (You found it in a Gauntlet)

   [ring of protection]

   AC:        It affects your AC (+4).
   SInv:      It lets you see invisible.
 M - the amulet "Wuatue" (around neck) {Spirit rF+ rN+}
   (You bought it in a shop on level 2 of the Orcish Mines)

   [amulet of guardian spirit]

   It causes incoming damage to be divided between your reserves of health and
   magic.
   rF:        It protects you from fire.
   rN:        It protects you from negative energy.
 T - the ring of Xiotic (left hand) {EV+4 Str+4 Dex+3}
   (You found it on level 1 of the Vaults)

   [ring of evasion]

   EV:        It affects your evasion (+4).
   Str:       It affects your strength (+4).
   Dex:       It affects your dexterity (+3).
Wands
 n - a wand of mindburst (59) (quivered)
 x - a wand of iceblast (43)
 z - a wand of paralysis (69)
 D - a wand of digging (22)
 G - a wand of flame (107)
 K - a wand of polymorph (11)
Scrolls
 d - 6 scrolls of amnesia
 g - 7 scrolls of poison
 m - 38 scrolls of teleportation
 v - 17 scrolls of fog
 C - 7 scrolls of magic mapping
 J - 3 scrolls of blinking
 L - 5 scrolls of summoning
 N - 14 scrolls of fear
 R - 2 scrolls of enchant armour
 V - 6 scrolls of silence
Potions
 i - 15 potions of brilliance
 j - 6 potions of ambrosia
 k - 7 potions of berserk rage
 o - 5 potions of resistance
 p - 12 potions of might
 r - 7 potions of invisibility
 s - 13 potions of haste
 u - 6 potions of heal wounds
 w - 29 potions of curing
 A - 2 potions of mutation
 H - 7 potions of flight
 S - 4 potions of magic
Miscellaneous
 f - the horn of Geryon (inert)
 E - a condenser vane (inert)
 X - a phantom mirror


   Skills:
 O Level 27 Fighting
 O Level 27 Axes
 - Level 0.2(15.3) Maces & Flails
 O Level 27 Armour
 O Level 27 Dodging
 - Level 20.4 Stealth
 O Level 27 Shields
 + Level 19.8 Evocations


You had 26 spell levels left.
You didn't know any spells.
Your spell library contained the following spells:

 Spells                   Type           Power      Damage    Failure   Level
 Apportation              Tloc           0%         N/A       88%         1
 Beastly Appendage        Tmut           0%         N/A       88%         1
 Freeze                   Ice            0%         1d3       88%         1
 Kiss of Death            Conj/Necr      0%         2d5       88%         1
 Magic Dart               Conj           0%         1d3       88%         1
 Necrotise                Necr           0%         1d4       88%         1
 Sandblast                Erth           0%         2d4       88%         1
 Slow                     Hex            0%         N/A       88%         1
 Summon Small Mammal      Summ           0%         N/A       88%         1
 Call Imp                 Summ           0%         N/A       95%         2
 Cigotuvi's Dreadful Rot  Necr/Pois/Air  0%         N/A       95%         2
 Ensorcelled Hibernation  Hex/Ice        0%         N/A       95%         2
 Poisonous Vapours        Pois/Air       0%         N/A       95%         2
 Searing Ray              Conj           0%         2d4       95%         2
 Static Discharge         Conj/Air       0%         2-2/arc   95%         2
 Wereblood                Tmut           0%         N/A       95%         2
 Confusing Touch          Hex            0%         N/A       99%         3
 Dazzling Flash           Conj/Hex       0%         N/A       99%         3
 Frozen Ramparts          Ice            0%         1d1       99%         3
 Gell's Gravitas          Tloc           0%         N/A       99%         3
 Hailstorm                Conj/Ice       0%         3d3       99%         3
 Ignite Poison            Fire/Tmut/Pois 0%         N/A       99%         3
 Inner Flame              Hex/Fire       0%         N/A       99%         3
 Kindle Blastsparks       Fire/Tloc/Air  0%         2d10      99%         3
 Lesser Beckoning         Tloc           0%         N/A       99%         3
 Mephitic Cloud           Conj/Pois/Air  0%         N/A       99%         3
 Spider Form              Tmut/Pois      0%         N/A       99%         3
 Stone Arrow              Conj/Erth      0%         3d7       99%         3
 Summon Guardian Golem    Hex/Summ       0%         N/A       99%         3
 Teleport Other           Tloc           0%         N/A       99%         3
 Vampiric Draining        Necr           0%         2d6       99%         3
 Vhi's Electric Charge    Tloc/Air       0%         N/A       99%         3
 Airstrike                Air            0%         2d(0-16)  100%        4
 Anguish                  Hex/Necr       0%         N/A       100%        4
 Animate Armour           Summ/Erth      0%         N/A       100%        4
 Cause Fear               Hex            0%         N/A       100%        4
 Dispel Undead            Necr           0%         3d6       100%        4
 Fulminant Prism          Conj/Hex       0%         3d5       100%        4
 Ice Form                 Ice/Tmut       0%         N/A       100%        4
 Leda's Liquefaction      Hex/Erth       0%         N/A       100%        4
 Manifold Assault         Tloc           0%         N/A       100%        4
 Olgreb's Toxic Radiance  Pois           0%         N/A       100%        4
 Passage of Golubria      Tloc           0%         N/A       100%        4
 Petrify                  Tmut/Erth      0%         N/A       100%        4
 Summon Ice Beast         Ice/Summ       0%         N/A       100%        4
 Summon Lightning Spire   Summ/Air       0%         N/A       100%        4
 Agony                    Necr           0%         N/A       100%        5
 Alistair's Intoxication  Tmut/Pois      0%         N/A       100%        5
 Arcjolt                  Conj/Air       0%         1d10      100%        5
 Borgnjor's Vile Clutch   Necr/Erth      0%         N/A       100%        5
 Freezing Cloud           Conj/Ice/Air   0%         6-21      100%        5
 Irradiate                Conj/Tmut      0%         3d11      100%        5
 Iskenderun's Battlesphe  Conj           0%         2d6       100%        5
 Lee's Rapid Deconstruct  Erth           0%         3d4*      100%        5
 Lightning Bolt           Conj/Air       0%         1d11      100%        5
 Metabolic Englaciation   Hex/Ice        0%         N/A       100%        5
 Silence                  Hex/Air        0%         N/A       100%        5
 Conjure Ball Lightning   Conj/Air       0%         3x3d7     100%        6
 Death Channel            Necr           0%         N/A       100%        6
 Dispersal                Tloc           0%         N/A       100%        6
 Iron Shot                Conj/Erth      0%         9d1       100%        6
 Statue Form              Tmut/Erth      0%         N/A       100%        6
 Dragon Form              Tmut           0%         N/A       100%        7
 Enfeeble                 Hex            0%         N/A       100%        7
 Haunt                    Necr/Summ      0%         N/A       100%        7
 Malign Gateway           Summ/Tloc      0%         N/A       100%        7
 Orb of Destruction       Conj           0%         9d5       100%        7
 Spellforged Servitor     Conj/Summ      0%         N/A       100%        7
 Storm Form               Tmut/Air       0%         N/A       100%        7
 Discord                  Hex            0%         N/A       100%        8
 Disjunction              Tloc           0%         N/A       100%        8
 Infestation              Necr           0%         N/A       100%        8
 Lehudib's Crystal Spear  Conj/Erth      0%         10d2      100%        8
 Maxwell's Capacitive Co  Air            0%         ∞         100%        8
 Summon Horrible Things   Summ           0%         N/A       100%        8
 Dragon's Call            Summ           0%         N/A       100%        9
 Fire Storm               Conj/Fire      0%         5d1       100%        9
 Animate Dead             Necr           Unusable   N/A       N/A         4
 Simulacrum               Ice/Necr       Unusable   N/A       N/A         6

Dungeon Overview and Level Annotations

Branches:
Dungeon (15/15)            Temple (1/1) D:4            Lair (5/5) D:8
  Swamp (4/4) Lair:3       Spider (4/4) Lair:2        Slime (5/5) Lair:4
    Orc (2/2) D:12            Elf (3/3) Orc:2        Vaults (5/5) D:14
  Crypt (3/3) Vaults:3       Tomb (0/3) Crypt:3      Depths (4/4) D:15
   Hell (visited)             Dis (0/7) Hell            Geh (7/7) Hell
    Coc (3/7) Hell            Tar (0/7) Hell            Zot (5/5) Depths:4
  Sewer (visited)         Ossuary (visited)          Bailey (visited)
  IceCv (visited)         Volcano (visited)          WizLab (visited)
Gauntlet (visited)

Altars:
Ashenzari
Cheibriados
Dithmenos
Elyvilon
Fedhas
Gozag
Hepliaklqana
Kikubaaqudgha
Makhleb
Nemelex Xobeh
Okawaru
Qazlal
Ru
Sif Muna
Trog
Uskayaw
Vehumet
Wu Jian
Xom
Yredelemnul
Zin
The Shining One
Beogh
Jiyva

Shops:
D:7 =   D:8 =*[[*   D:9 (   D:14 [   D:15 !   Orc:2 =?![   Elf:1 ::=(   Elf:2 *
Elf:3 [   Lair:5 [   Vaults:5 =   Crypt:3 =   Hell [   Geh:7 ?   Zot:2 [
Zot:5 :   Depths:1 :*?   Depths:3 [[   Depths:4 [(=[[=

Portals:
Hell: Depths:1 Depths:2 Depths:3 Depths:4
Abyss: Depths:2 Depths:3
Pandemonium: Depths:1 Depths:2

Annotations:
Elf:1 1 runed translucent door
Geh:7 Asmodeus
Zot:2 4 transporters


Innate Abilities, Weirdness & Mutations

You are strong-willed. (Will+)
Your muscles are strong. (Str +4, Int/Dex -1)
Your spells are a little harder to cast, but a little more powerful.


Message History

The sphere of damnation explodes!
The damnation engulfs you!!
The damnation engulfs Asmodeus.
Asmodeus completely resists.
The Brimstone Fiend calls on the powers of darkness!
Your body is wracked with pain!
You hear a roar!
You produce a hideous howling noise!
You are engulfed in blazing flames.
You resist.
Asmodeus gestures.
Send 'em back where they came from!
Your hell beast disappears in a puff of smoke! x3
Your hell beast shudders.
The Brimstone Fiend calls on the powers of darkness!
Your body is wracked with pain!
Asmodeus gestures.
Send 'em back where they came from!
Your hell beast disappears in a puff of smoke!
The Brimstone Fiend gestures at you.
The sphere of damnation explodes!
The damnation engulfs Asmodeus.
Asmodeus completely resists.
The damnation engulfs you!!!
* * * LOW HITPOINT WARNING * * *
Asmodeus shouts, "Kneel, thou tasty junket!"
Asmodeus hits you with the +7 sceptre of Asmodeus!!
* * * LOW HITPOINT WARNING * * *
Asmodeus attacks as you move away!
Asmodeus hits you with the +7 sceptre of Asmodeus.
* * * LOW HITPOINT WARNING * * *
The Brimstone Fiend gestures at you.
The sphere of damnation explodes!
The damnation engulfs you!!
* * * LOW HITPOINT WARNING * * *
The damnation engulfs Asmodeus.
Asmodeus completely resists.
Asmodeus shouts, "Quail, thou baffled wibble-sucking gonus!"
Clouds of poison gas condense around you!
The condenser dries out!
You are engulfed in blazing flames.
You resist.
* * * LOW HITPOINT WARNING * * *
You block Asmodeus's attack. The Brimstone Fiend gestures at you.
The sphere of damnation explodes!
The damnation engulfs Asmodeus.
Asmodeus completely resists.
The damnation engulfs you!!!
You die...
Your body crumbles into a pile of gold.

≈≈≈≈§≈≈≈# #########..........# #≈
≈§≈≈≈≈≈§# #....#..#..........###≈
§≈§≈≈≈≈§# #....'○.#..........'.##
≈≈≈###### #...°#.§#..........'.#.
≈≈§# #... #°§#..........#.#. §≈≈#
#.. #1°############.#. §≈≈# #.
#☼☼#..........'.#. ≈§≈# #
#&☼#.####.....'.#' ≈≈≈#$$ $$
#@○#.'})#.....###. ≈≈≈#$ $
#..#.'}.#.....###. ≈≈§# $
$$#..#.####.....'... ≈≈≈# $$ $
$#..#..........#### §≈§#$ $$$
###..#######'#### §≈§########
##....#######'## §§≈§≈≈≈≈≈≈≈
#....##...#....#
.§≈≈§≈≈≈§≈§§#....''...'....######
..≈≈≈≈≈≈§≈≈≈#....##...#....##≈§≈≈


You could see Asmodeus (wandering, clouds) and a Brimstone Fiend.

Vanquished Creatures
  the Royal Jelly (Slime:5)
  5 ancient liches
  6 dread liches
  2 orbs of fire (Zot:5)
  Mennas (Crypt:3)
  2 juggernauts
  Josephina (Crypt:3)
  Parghit (Zot:4)
  6 Killer Klowns
  Head Instructor (WizLab)
  3 shard shrikes
  5 curse toes
  Saint Roka (Vaults:2)
  Geryon (Hell)
  4 caustic shrikes
  Nikola (Swamp:3)
  23 bone dragons
  8 golden dragons
  7 profane servitors
  A Tzitzimitl (Hell)
  25 hellephants
  9 Brimstone Fiends
  3 doom hounds (Hell)
  2 shard shrike zombies
  23 tentacled monstrosities
  Jorgrun (Spider:2)
  2 electric golems (Zot:5)
  19 liches
  21 searing wretches
  25 Orb Guardians (Zot:5)
  A walking crystal tome (Depths:3)
  A shard shrike skeleton (Crypt:1)
  3 Ice Fiends
  A walking earthen tome (Abyss:4)
  8 titans
  3 deep elf master archers
  9 quicksilver dragons
  3 deep elf blademasters
  A walking frostbound tome (Abyss:4)
  18 acid blobs
  A walking divine tome (Depths:2)
  3 ancient champions
  3 Executioners
  10 death cobs
  7 sphinxes
  74 tentacled starspawn
  19 rockslimes
  21 shadow dragons
  14 draconian monks
  Donald (Swamp:2)
  Kirke (Lair:3)
  Roxanne (Elf:1)
  4 daevas (Abyss:4)
  4 revenants
  8 narguns
  An eldritch tentacle (Zot:5)
  12 azure jellies
  11 storm dragons
  33 fire giants
  15 tengu reavers
  21 frost giants
  12 deep elf sorcerers
  3 emperor scorpions
  8 draconian scorchers
  4 iron dragons
  3 juggernaut zombies
  5 ghost moths
  6 draconian knights
  21 balrugs
  14 vault wardens
  A shard shrike simulacrum (Coc:2)
  3 orc warlords
  The ghost of Ithra the Warrior, a journeyman OgTm of Makhleb (Lair:4)
  5 deep elf elementalists (Elf:3)
  4 cacodemons (Abyss:4)
  3 curse skulls
  A spriggan defender (Depths:3)
  4 draconian shifters
  An angel (Abyss:3)
  3 draconian stormcallers
  2 caustic shrike skeletons
  11 ghouls
  A broodmother (Spider:4)
  9 ironbound thunderhulks
  7 draconian annihilators
  18 ironbound preservers
  2 ophanim
  13 quicksilver oozes
  A war gargoyle (Vaults:4)
  12 reapers
  14 stone giants
  A juggernaut skeleton (Abyss:3)
  40 very ugly things
  15 black draconians
  8 vampire knights
  5 deep elf demonologists
  Azrael (Spider:3)
  7 lorocyprocas
  10 elemental wellsprings
  4 eleionomae
  10 purple draconians
  10 white draconians
  13 yellow draconians
  6 bunyips
  12 red draconians
  7 wendigos
  A minotaur (Gauntlet)
  10 deep elf annihilators
  7 green draconians
  5 spark wasps
  8 green deaths
  14 dire elephants
  11 eidola
  8 yaktaur captains
  A crystal guardian (Hell)
  14 ettins
  A mummy priest (Crypt:3)
  3 blizzard demons
  6 jiangshi
  11 fire dragons
  A merfolk javelineer (Depths:2)
  8 deep elf death magi
  2 entropy weavers
  5 deep elf high priests
  19 hydras
  12 great orbs of eyes
  2 quicksilver dragon skeletons (Crypt:1)
  3 caustic shrike simulacra
  A hell beast (Depths:4)
  9 ice dragons
  4 salamander tyrants
  36 vault guards
  A fenstrider witch skeleton (Crypt:2)
  8 rakshasas
  2 catoblepae
  A fenstrider witch zombie (Crypt:3)
  6 spriggan air magi
  3 juggernaut simulacra
  3 radroaches
  18 centaur warriors
  3 jorogumos
  9 stokers
  5 ironbound frosthearts
  3 ogre magi
  10 alligators
  A two-headed ogre (D:12)
  6 tengu warriors
  5 death knights
  7 boulder beetles
  9 deep troll shamans
  63 hell hogs
  16 death yaks
  6 deep troll earth magi
  A titan zombie (Crypt:3)
  6 naga warriors
  3 vampire magi
  33 dancing weapons
  69 thrashing horrors
  11 spriggan berserkers
  Sonja (D:12)
  15 spriggans
  A naga sharpshooter (Zig:1)
  35 hell knights
  5 crystal echidnas (Hell)
  25 deep elf knights
  2 storm dragon zombies
  3 spatial maelstroms
  6 soul eaters
  17 sun demons
  5 shadow wraiths
  43 wretched stars
  5 iron trolls
  4 sun moths
  16 sixfirhies
  29 skeletal warriors
  3 goliath frogs
  7 pharaoh ants
  2 salamander mystics (WizLab)
  14 flayed ghosts
  5 steelbarb worms
  2 spark wasp zombies
  A spriggan druid (Swamp:1)
  69 deep trolls
  2 death drakes
  2 quicksilver dragon simulacra
  A glowing orange brain (shapeshifter) (Elf:2)
  13 swamp dragons
  21 orb spiders
  11 bog bodies
  A deep troll (shapeshifter) (Depths:2)
  13 glowing orange brains
  17 lindwurms
  A bunyip zombie (Abyss:3)
  An obsidian statue (Zot:5)
  15 necromancers
  Pikel (D:8)
  2 shadow demons
  24 phantasmal warriors
  10 deep elf archers
  12 wizards
  20 ironbound convokers
  A fenstrider witch simulacrum (Hell)
  9 orc knights
  7 mana vipers (WizLab)
  38 deep elf pyromancers
  25 deep elf zephyrmancers
  A tengu zombie (Depths:2)
  2 iron dragon zombies
  A sphinx zombie (Vaults:3)
  An oklob plant (Gauntlet)
  10 orc sorcerers
  55 ugly things
  6 will-o-the-wisps
  23 wolf spiders
  A stone giant zombie (Crypt:3)
  An iron dragon skeleton (Abyss:4)
  2 mana vipers (shapeshifter)
  6 cyclopes
  3 manticores
  21 worldbinders
  7 shining eyes
  38 moths of wrath
  A sphinx skeleton (Crypt:2)
  4 salamanders
  3 elephants (Lair:4)
  Maurice (D:8)
  2 rust devils
  An elephant (shapeshifter) (Elf:3)
  44 smoke demons
  11 black mambas
  2 eyes of devastation
  6 guardian serpents
  A dire elephant zombie (Crypt:3)
  15 cane toads
  The ghost of tinescath the Trooper, a novice FoFi of Qazlal (D:5)
  10 apocalypse crabs
  2 centaur zombies
  20 vault sentinels
  2 stone giant skeletons
  An alligator snapping turtle zombie (Crypt:3)
  5 molten gargoyles
  A dire elephant skeleton (Abyss:4)
  4 naga magi
  3 gargoyles
  An ice statue (IceCv)
  A naga skeleton (Abyss:3)
  5 torpor snails
  A catoblepas zombie (Crypt:1)
  2 centaur skeletons
  2 rime drakes
  4 spriggan zombies
  A black draconian zombie (Crypt:2)
  2 titan simulacra (Coc:1)
  A yaktaur zombie (Vaults:3)
  7 unseen horrors
  10 demonic crawlers
  12 orange demons
  6 tormentors
  12 efreet
  12 hellions
  5 ice devils
  17 yaktaurs
  2 anaconda simulacra (Coc:1)
  2 guardian mummies (Crypt:3)
  A bunyip simulacrum (Coc:1)
  3 red devils
  16 freezing wraiths
  17 hellwings
  3 tengu conjurers
  6 harpy zombies
  19 komodo dragons
  13 meliai
  4 trolls
  A silent spectre (Abyss:4)
  53 ancient zymes
  2 hydra zombies
  4 polar bears
  A troll (shapeshifter) (D:14)
  5 tyrant leeches
  2 bloated husks
  A wind drake (shapeshifter) (D:15)
  20 tarantellas
  4 harpy skeletons
  Grinder (D:5)
  A tarantella (shapeshifter) (Elf:1)
  128 raiju
  40 blink frogs
  15 hornets
  2 iron dragon simulacra
  7 dream sheep (Lair:3)
  3 stone giant simulacra
  135 large abominations
  87 slime creatures
  A fire dragon zombie (Crypt:3)
  5 air elementals
  A merfolk skeleton (Crypt:2)
  34 jumping spiders
  3 centaur simulacra
  29 flying skulls
  A spriggan (shapeshifter) (D:12)
  2 dire elephant simulacra
  12 water elementals
  2 vampires
  A culicivora (shapeshifter) (D:14)
  84 small abominations
  4 spriggan skeletons
  20 wraiths
  24 culicivoras
  5 shadows
  31 ynoxinuls
  Eustachio (D:5)
  9 wyverns
  3 basilisks
  A black mamba skeleton (Crypt:2)
  9 fire bats
  17 humans (D:14)
  26 neqoxecs
  4 hogs (Lair:3)
  A hog (shapeshifter) (D:15)
  14 vampire mosquitoes
  26 chaos spawn
  4 steam dragons
  23 golden eyes
  52 redbacks
  42 yaks
  An alligator snapping turtle simulacrum (Coc:3)
  12 fire elementals
  2 redbacks (shapeshifter)
  A yaktaur simulacrum (Vaults:3)
  A death yak simulacrum (IceCv)
  A swamp worm (shapeshifter) (Abyss:4)
  8 spatial vortices
  12 harpy simulacra
  Edmund (D:5)
  7 nagas
  15 water moccasins
  2 wargs (Orc:1)
  3 hydra simulacra
  19 swamp worms
  3 acid dragons
  5 naga zombies
  A floating eye (Depths:3)
  A glowing shapeshifter skeleton (Depths:1)
  21 hell hounds
  A deep troll skeleton (Crypt:1)
  A dream sheep zombie (Crypt:2)
  2 ice beasts
  5 black bears
  3 ettin simulacra
  A fire dragon simulacrum (Coc:1)
  28 orc warriors
  3 sky beasts
  3 swamp drakes (Swamp:3)
  11 centaurs
  7 ogres
  A boggart (Lair:4)
  6 wolves
  A blink frog zombie (Crypt:1)
  A phantom (D:6)
  3 kobold brigands
  An elf zombie (Crypt:1)
  17 bullfrogs
  4 two-headed ogre simulacra (IceCv)
  16 necrophages
  11 earth elementals
  2 gnoll sergeants
  4 scorpions (D:5)
  2 cane toad simulacra (IceCv)
  7 wyvern skeletons (Crypt:3)
  10 wights
  2 elephant simulacra (IceCv)
  A swamp dragon simulacrum (Coc:1)
  9 killer bees
  A shapeshifter skeleton (Crypt:2)
  A tengu skeleton (Depths:1)
  A polar bear skeleton (Crypt:1)
  2 howler monkeys
  7 electric eels
  A crimson imp (Abyss:3)
  11 lava snakes
  151 starcursed masses
  3 hounds
  11 quasits
  A gnoll bouda (D:7)
  5 jellies
  13 orc priests
  8 iguanas
  8 iron imps
  Jessica (D:3)
  25 orc wizards
  6 hell rats (Lair:5)
  9 spriggan simulacra
  5 troll simulacra (IceCv)
  2 polar bear simulacra (IceCv)
  5 wolf simulacra (IceCv)
  An ogre skeleton (Crypt:1)
  4 mummies
  22 gnolls
  6 naga simulacra
  4 adders
  A shadow imp (Abyss:3)
  21 white imps
  14 ufetubi
  5 adder zombies (Ossuary)
  4 dart slugs
  73 orcs
  8 ball pythons
  9 endoplasms
  5 giant cockroaches
  A gnoll zombie (Ossuary)
  7 goblins
  15 hobgoblins
  2 jackals (D:1)
  4 quokkas
  7 bats
  A frilled lizard (D:1)
  A goblin zombie (Ossuary)
  4 hobgoblin zombies (Ossuary)
  20 kobolds
  3 kobold zombies (Ossuary)
  2 quokka zombies (Ossuary)
  3 rats
  2 rat zombies (Ossuary)
  A creeping inferno (Geh:4)
  A demonic plant (Abyss:4)
  27 fire vortices
  3 lurking horrors
  69 starspawn tentacles
  2 withered plants (Crypt:3)
4351 creatures vanquished.

Vanquished Creatures (collateral kills)
  A fenstrider witch (Swamp:4)
1 creature vanquished.

Vanquished Creatures (others)
  An ancient lich (Zot:5)
  3 fire giants
  2 shard shrike simulacra
  An ironbound preserver (Vaults:1)
  An ironbound thunderhulk (Vaults:1)
  A deep elf annihilator (Elf:3)
  A yaktaur captain (Vaults:1)
  A stoker (Geh:6)
  A thrashing horror (Abyss:4)
  A deep elf knight (Elf:3)
  A spriggan berserker (Depths:2)
  A wretched star (Abyss:4)
  A swamp dragon (Swamp:2)
  A wizard (Vaults:3)
  A titan simulacrum (Coc:2)
  A torpor snail (Spider:4)
  A hellion (Coc:2)
  A centaur skeleton (Abyss:3)
  A tormentor (Geh:3)
  An ancient zyme (Abyss:4)
  4 bloated husks
  A slime creature (Slime:5)
  A raiju (Abyss:3)
  A flying skull (Abyss:3)
  A human (Lair:3)
  8 golden eyes
  2 redbacks
  A naga simulacrum (Coc:2)
  8 small abominations
  An orc (Orc:2)
  2 creeping infernos
  24 demonic plants
  2 fire vortices
  23 foxfires
  57 fungi
  7 lurking horrors
  74 plants
  110 starspawn tentacles
  4 withered plants (Crypt:3)
354 creatures vanquished.

Grand Total: 4706 creatures vanquished

Notes
Turn   | Place    | Note
-------+----------+-------------------------------------------
     0 | D:1      | p00ps00p the Hill Orc Fighter began the quest for the Orb.
     0 | D:1      | Reached XP level 1. HP: 19/19 MP: 1/1
   106 | D:1      | Reached XP level 2. HP: 18/27 MP: 2/2
   526 | D:1      | Reached XP level 3. HP: 30/33 MP: 3/3
  1016 | D:2      | Found an ancient bone altar of Kikubaaqudgha.
  1088 | D:2      | Got Totall's Parchment of Rank Shaping
  1421 | D:3      | Noticed Jessica
  1430 | D:3      | Reached XP level 4. HP: 40/40 MP: 4/4
  1434 | D:3      | Killed Jessica
  2265 | D:4      | Noticed a necrophage
  2266 | D:4      | Noticed a black bear
  2270 | D:4      | Reached XP level 5. HP: 45/47 MP: 5/5
  2286 | D:4      | Killed a black bear
  2287 | D:4      | Reached skill level 5 in Fighting
  2287 | D:4      | Reached XP level 6. HP: 54/56 MP: 6/6
  2396 | D:4      | Found a staircase to the Ecumenical Temple.
  2415 | Temple   | Entered the Ecumenical Temple
  2522 | Temple   | Became a worshipper of Gozag Ym Sagoz the Greedy
  2592 | D:4      | Reached skill level 5 in Axes
  2625 | D:4      | Found a glowing drain.
  2638 | Sewer    | Entered a sewer
  2766 | Sewer    | Reached skill level 5 in Armour
  2766 | Sewer    | Reached skill level 5 in Shields
  2766 | Sewer    | Reached XP level 7. HP: 45/61 MP: 7/7
  3299 | D:5      | Entered Level 5 of the Dungeon
  3780 | D:5      | Reached XP level 8. HP: 10/71 MP: 8/8
  4557 | D:5      | Noticed Eustachio
  4567 | D:5      | Killed Eustachio
  4702 | D:5      | Noticed Grinder
  4708 | D:5      | Paralysed by Grinder for 2 turns
  4717 | D:5      | Paralysed by Grinder for 5 turns
  4722 | D:5      | Killed Grinder
  4782 | D:5      | Noticed Edmund
  4786 | D:5      | Found a large runed translucent door.
  4786 | D:5      | Found a large runed translucent door.
  4804 | D:5      | Killed Edmund
  4907 | D:5      | Noticed tinescath's ghost (novice FoFi)
  5260 | D:6      | Identified the +7 flail of the Sky {vorpal, Str+3 Dex+5}
  5408 | D:6      | Reached XP level 9. HP: 77/79 MP: 9/9
  6358 | D:7      | Noticed a hornet
  6362 | D:7      | Paralysed by a hornet for 1 turns
  6366 | D:7      | Killed a hornet
  6659 | D:7      | Found a sand-covered staircase.
  6664 | Ossuary  | Entered an ossuary
  6898 | D:7      | Identified the +10 dagger "Kugobeni" {pain, Dex+4}
  7586 | D:7      | Identified a scroll of acquirement
  7586 | D:7      | Acquired the +3 kite shield of Living Mirth {rElec rC+++
                  | Regen+ Dex-2}
  7649 | D:8      | Noticed a hornet
  7656 | D:8      | Paralysed by a hornet for 3 turns
  8029 | D:7      | Bought the ring of Leckyrph {Fly rElec rPois Str+3 Dex-2}
                  | for 415 gold pieces
  8277 | D:7      | Killed a hornet
  8281 | D:7      | Reached XP level 10. HP: 61/91 MP: 10/10
  8386 | D:8      | Found a staircase to the Lair.
  8427 | D:8      | Noticed Maurice
  8449 | D:8      | Killed Maurice
  8450 | D:8      | Reached skill level 10 in Axes
  8482 | D:8      | Found a hide-covered altar of Uskayaw.
  8540 | D:8      | Found a sacrificial altar of Ru.
  8540 | D:8      | Found a broken altar of Ashenzari.
  8547 | D:8      | Found a sparkling altar of Nemelex Xobeh.
  8549 | D:8      | Found a basalt altar of Yredelemnul.
  8551 | D:8      | Found an iron altar of Okawaru.
  8637 | D:8      | Found Bemag's General Store.
  8837 | D:8      | Found Fesuatto's Armour Shop.
  8858 | D:8      | Bought a +2 cloak of willpower for 301 gold pieces
  8904 | D:8      | Found Qoanake's Antique Armour Emporium.
  8929 | D:8      | Noticed Pikel
  8939 | D:8      | Killed Pikel
  8940 | D:8      | Reached skill level 10 in Fighting
  9018 | D:8      | Found Idwep's General Store.
  9026 | D:8      | Found Qecoaw's Jewellery Shoppe.
  9415 | D:9      | Found a flagged portal.
  9441 | Bailey   | Entered a bailey
  9595 | Bailey   | Reached XP level 11. HP: 101/101 MP: 11/11
  9787 | Bailey   | Found a roughly hewn altar of Beogh.
  9787 | Bailey   | Noticed an orc knight
  9796 | Bailey   | Killed an orc knight
  9809 | Bailey   | Identified the +5 triple sword "Ydiutig" {flame, Int+2}
  9821 | Bailey   | Acquired 770 gold pieces
 10013 | D:9      | Reached skill level 10 in Armour
 10058 | D:9      | Reached skill level 10 in Shields
 10682 | D:10     | Entered Level 10 of the Dungeon
 11407 | D:11     | Found a frozen archway.
 11420 | IceCv    | Entered an ice cave
 11704 | IceCv    | Noticed a bog body
 11709 | IceCv    | Noticed a bog body
 11713 | IceCv    | Killed a bog body
 11722 | IceCv    | Killed a bog body
 12145 | D:11     | Reached XP level 12. HP: 113/113 MP: 12/12
 13057 | D:12     | Found a staircase to the Orcish Mines.
 13057 | D:12     | Noticed Sonja
 13075 | D:12     | Killed Sonja
 13242 | D:12     | Noticed a two-headed ogre
 13253 | D:12     | Killed a two-headed ogre
 13376 | D:12     | Noticed a boulder beetle
 13385 | D:12     | Killed a boulder beetle
 13506 | D:9      | Bought the +8 mithril axe "Arga" {speed, Will+} for 1485
                  | gold pieces
 13506 | D:9      | Found the +8 mithril axe "Arga" {speed, Will+}
 13603 | Orc:1    | Entered Level 1 of the Orcish Mines
 14298 | Orc:2    | Entered Level 2 of the Orcish Mines
 14298 | Orc:2    | Found a staircase to the Elven Halls.
 14429 | Orc:2    | Reached skill level 15 in Fighting
 14785 | Orc:2    | Noticed an ogre mage
 14808 | Orc:2    | Killed an ogre mage
 14852 | Orc:2    | Reached XP level 13. HP: 102/126 MP: 13/13
 14895 | Orc:2    | Found Taduif's Antique Armour Boutique.
 14911 | Orc:2    | Found an ancient bone altar of Kikubaaqudgha.
 14936 | Orc:2    | Found Jyas's Magic Scroll Shop.
 14962 | Orc:2    | Found a radiant altar of Vehumet.
 14993 | Orc:2    | Bought a scroll of brand weapon for 123 gold pieces
 14993 | Orc:2    | Bought a scroll of magic mapping for 97 gold pieces
 14993 | Orc:2    | Bought a scroll of fog for 52 gold pieces
 14993 | Orc:2    | Bought a scroll of identify for 26 gold pieces
 14993 | Orc:2    | Bought a scroll of magic mapping for 97 gold pieces
 14993 | Orc:2    | Bought a scroll of blinking for 97 gold pieces
 14993 | Orc:2    | Bought a scroll of fear for 52 gold pieces
 14993 | Orc:2    | Bought a scroll of fog for 52 gold pieces
 14993 | Orc:2    | Bought a scroll of brand weapon for 123 gold pieces
 14993 | Orc:2    | Bought a scroll of identify for 26 gold pieces
 15041 | Orc:2    | Found Cyplam's Distillery.
 15041 | Orc:2    | Found a roughly hewn altar of Beogh.
 15064 | Orc:2    | Found Esofroc's Jewellery Boutique.
 15081 | Orc:2    | Bought a potion of curing for 33 gold pieces
 15081 | Orc:2    | Bought a potion of ambrosia for 88 gold pieces
 15081 | Orc:2    | Bought a potion of curing for 33 gold pieces
 15081 | Orc:2    | Bought a potion of berserk rage for 55 gold pieces
 16251 | D:13     | Found a radiant altar of Vehumet.
 16642 | Lair:1   | Entered Level 1 of the Lair of Beasts
 16957 | Lair:1   | Reached skill level 15 in Axes
 17991 | Lair:2   | Acquired a manual of Fighting
 18218 | Lair:2   | Reached XP level 14. HP: 65/140 MP: 14/14
 18289 | Lair:2   | Found a hole to the Spider Nest.
 18631 | Orc:2    | Bought the amulet "Wuatue" {Spirit rF+ rN+} for 867 gold
                  | pieces
 19329 | Lair:3   | Noticed Kirke
 19343 | Lair:3   | Killed Kirke
 19454 | Lair:3   | Found a staircase to the Swamp.
 19777 | Lair:4   | Found a staircase to the Slime Pits.
 19778 | Lair:4   | Found a viscous altar of Jiyva.
 19950 | Lair:4   | Found a runed translucent door.
 19953 | Lair:4   | Identified the +3 trident of Lagrevve {vorpal, rPois Int+2
                  | Dex-3 Stlth+}
 19996 | Lair:4   | Noticed Ithra's ghost (journeyman OgTm)
 20601 | Lair:5   | Entered Level 5 of the Lair of Beasts
 20741 | Lair:5   | Found a dark tunnel.
 20752 | Volcano  | Entered a volcano
 21087 | Volcano  | Found a radiant altar of Vehumet.
 21115 | Volcano  | Noticed a stone giant
 21126 | Volcano  | Killed a stone giant
 21270 | Lair:5   | Reached XP level 15. HP: 147/152 MP: 13/15
 21450 | Lair:5   | Reached skill level 15 in Armour
 21466 | Lair:5   | Reached skill level 15 in Shields
 22221 | Lair:5   | Found a large runed translucent door.
 22222 | Lair:5   | Found a large runed translucent door.
 22769 | Lair:5   | Bought a scarf of repulsion for 156 gold pieces
 22769 | Lair:5   | Bought the +2 pair of boots of Eternal Vigilance {rF+
                  | Int+4} for 479 gold pieces
 23884 | D:14     | Found a gate leading to a gauntlet.
 23896 | Gauntlet | Entered a Gauntlet
 23896 | Gauntlet | Found a transporter.
 23910 | Gauntlet | Found a transporter.
 23920 | Gauntlet | Found a transporter.
 23925 | Gauntlet | Found a transporter.
 23942 | Gauntlet | Found a transporter.
 23961 | Gauntlet | Found a transporter.
 23973 | Gauntlet | Found a transporter.
 23985 | Gauntlet | Found a transporter.
 23991 | Gauntlet | Found a transporter.
 23991 | Gauntlet | Found a transporter.
 24006 | Gauntlet | Found a transporter.
 24018 | Gauntlet | Found a transporter.
 24035 | Gauntlet | Found a transporter.
 24053 | Gauntlet | Found a transporter.
 24055 | Gauntlet | Found a transporter.
 24082 | Gauntlet | Found a transporter.
 24100 | Gauntlet | Found a transporter.
 24102 | Gauntlet | Found a transporter.
 24355 | Gauntlet | Identified the ring of Fanaticism {rPois Slay+4}
 24474 | Gauntlet | Identified the ring of Yneudu {AC+4 SInv}
 24498 | Gauntlet | Found the +3 Elemental Staff {rElec rF++ rC++ AC+5}
 24541 | Gauntlet | Identified the +2 chain mail "Xisenol" {rC+ Will- Str+3
                  | Dex+2}
 24925 | D:14     | Found a shadowy altar of Dithmenos.
 25109 | D:14     | Reached XP level 16. HP: 146/164 MP: 14/16
 25143 | D:14     | Found a gate to the Vaults.
 25348 | D:15     | Entered Level 15 of the Dungeon
 25361 | D:15     | Found Edoaps's Distillery.
 26259 | D:15     | Found a staircase to the Depths.
 26438 | Elf:1    | Entered Level 1 of the Elven Halls
 26438 | Elf:1    | Found a runed translucent gate.
 26438 | Elf:1    | Found a runed translucent gate.
 26438 | Elf:1    | Found a runed translucent gate.
 26438 | Elf:1    | Found a runed translucent gate.
 26438 | Elf:1    | Found a runed translucent gate.
 26438 | Elf:1    | Found a runed translucent gate.
 26439 | Elf:1    | Found a runed translucent door.
 26460 | Elf:1    | Found a runed translucent door.
 26482 | Elf:1    | Paralysed by an air elemental for 1 turns
 26527 | Elf:1    | Identified the +0 robe of Foolhardiness {rC+ Str+6 Dex-4}
 26729 | Elf:1    | Found Luakij's Weapon Shop.
 26844 | Abyss:3  | Cast into level 3 of the Abyss (a deep elf sorcerer)
 26880 | Abyss:3  | Found a corrupted altar of Lugonu.
 27240 | Elf:1    | Escaped the Abyss
 27261 | Elf:1    | Noticed Roxanne
 27266 | Elf:1    | Reached XP level 17. HP: 137/178 MP: 14/17
 27321 | Elf:1    | Killed Roxanne
 27431 | Elf:1    | Noticed a deep elf master archer
 27431 | Elf:1    | Noticed a deep elf blademaster
 27446 | Elf:1    | Killed a deep elf master archer
 27446 | Elf:1    | Killed a deep elf blademaster
 27660 | Elf:1    | Found Rour's Jewellery Shop.
 27660 | Elf:1    | Found Noupohup's Book Shoppe.
 27662 | Elf:1    | Found Vuocacij's Book Shoppe.
 28278 | Elf:2    | Found a huge runed translucent gate.
 28278 | Elf:2    | Found a huge runed translucent gate.
 28278 | Elf:2    | Found a huge runed translucent gate.
 28278 | Elf:2    | Found a huge runed translucent gate.
 28278 | Elf:2    | Found a huge runed translucent gate.
 28367 | Elf:2    | Found Ischamp's General Store.
 28981 | Lair:4   | Killed Ithra's ghost
 29165 | D:5      | Killed tinescath's ghost
 29324 | Swamp:1  | Entered Level 1 of the Swamp
 30119 | Swamp:2  | Found a snail-covered altar of Cheibriados.
 30470 | Swamp:2  | Noticed Donald
 30479 | Swamp:2  | Killed Donald
 30641 | Swamp:3  | Noticed Nikola
 30681 | Swamp:3  | Killed Nikola
 30818 | Swamp:3  | Reached XP level 18. HP: 146/190 MP: 14/18
 31581 | Swamp:4  | Entered Level 4 of the Swamp
 31724 | Swamp:4  | Paralysed by a hornet for 1 turns
 32336 | Swamp:4  | Noticed a tentacled monstrosity
 32352 | Swamp:4  | Killed a tentacled monstrosity
 32472 | Swamp:4  | Got a decaying rune of Zot
 32791 | Spider:1 | Entered Level 1 of the Spider Nest
 33447 | Spider:2 | Noticed Jorgrun
 33475 | Spider:2 | Reached XP level 19. HP: 200/200 MP: 19/19
 33489 | Spider:2 | Killed Jorgrun
 34005 | D:14     | Bought the +9 scales of the Dragon King {rPois rF+ rC+
                  | Will+} for 4617 gold pieces
 34005 | D:14     | Found the +9 scales of the Dragon King {rPois rF+ rC+
                  | Will+}
 35508 | Spider:3 | Noticed Azrael
 35532 | Spider:3 | Killed Azrael
 36081 | Spider:4 | Entered Level 4 of the Spider Nest
 37181 | Spider:4 | Reached XP level 20. HP: 100/212 MP: 7/20
 37215 | Spider:4 | Identified the -2 pair of boots of Negation {rPois}
 37217 | Spider:4 | Got a gossamer rune of Zot
 37609 | Elf:3    | Entered Level 3 of the Elven Halls
 37666 | Elf:3    | Found a gateway to a bazaar.
 37690 | Bazaar   | Entered a bazaar
 37707 | Bazaar   | Found Xirhad's Assorted Antiques.
 37723 | Bazaar   | Found Fujon's Magic Scroll Shoppe.
 37723 | Bazaar   | Found Weukhlice's Armour Emporium.
 37745 | Bazaar   | Found Mautwugenwu's Antique Armour Shoppe.
 37745 | Bazaar   | Found Supp's Assorted Antiques.
 37816 | Bazaar   | Bought 2 scrolls of fear for 72 gold pieces
 37816 | Bazaar   | Bought a scroll of teleportation for 27 gold pieces
 37816 | Bazaar   | Bought a scroll of teleportation for 27 gold pieces
 37816 | Bazaar   | Bought 3 scrolls of teleportation for 81 gold pieces
 37816 | Bazaar   | Bought a scroll of fog for 36 gold pieces
 37816 | Bazaar   | Bought a scroll of teleportation for 27 gold pieces
 39602 | Elf:3    | Got Teeceok's Exposition on Icy Lightning
 39605 | Elf:3    | Identified the +0 robe of Wopac {rF+ Regen+ Archmagi}
 39622 | Elf:3    | Identified the +1 scale mail "Ixkak" {rF+ Regen+ Str-4}
 39663 | Elf:3    | Identified the +2 robe of Mumblety Peg {Contam Harm rElec
                  | Slay+5}
 39665 | Elf:3    | Identified the amulet of Goloig {Faith Str-4 Int+7 Dex+4}
 39674 | Elf:3    | Identified the +7 hand axe of the Curious Xeniums {drain,
                  | Will+ Int-4 Dex+4}
 39704 | Elf:3    | Got the Cyclopedia of Destructive Black Rituals
 39780 | Elf:3    | Acquired 572 gold pieces
 40002 | Vaults:1 | Entered Level 1 of the Vaults
 40352 | Vaults:1 | Reached XP level 21. HP: 220/222 MP: 21/21
 40751 | Vaults:1 | Found a transporter.
 40794 | Vaults:1 | Found a transporter.
 41960 | Vaults:1 | Gained mutation: A frigid envelope surrounds you and
                  | freezes all who hurt you. [mutagenic glow]
 41979 | Vaults:1 | Gained mutation: You are frail. (-10% HP) [mutagenic glow]
 41994 | Vaults:1 | Identified the ring "Kojeapaiti" {Will+ Slay+2 Stlth+}
 41997 | Vaults:1 | Identified the ring of Xuyckouch {rF+ Str+3}
 42011 | Vaults:1 | Identified the ring of Xiotic {EV+4 Str+4 Dex+3}
 42747 | Vaults:2 | Found a huge runed gate.
 42747 | Vaults:2 | Found a huge runed gate.
 42749 | Vaults:2 | Found a huge runed gate.
 42750 | Vaults:2 | Found a huge runed gate.
 42751 | Vaults:2 | Found a huge runed gate.
 42751 | Vaults:2 | Found a huge runed gate.
 42752 | Vaults:2 | Found a huge runed gate.
 42753 | Vaults:2 | Found a huge runed gate.
 42753 | Vaults:2 | Found a huge runed gate.
 42753 | Vaults:2 | Found a huge runed gate.
 42759 | Vaults:2 | Found a huge runed gate.
 42759 | Vaults:2 | Found a huge runed gate.
 42759 | Vaults:2 | Found a huge runed gate.
 42759 | Vaults:2 | Found a huge runed gate.
 42759 | Vaults:2 | Found a huge runed gate.
 42759 | Vaults:2 | Found a huge runed gate.
 42760 | Vaults:2 | Found a huge runed gate.
 42761 | Vaults:2 | Found a huge runed gate.
 42762 | Vaults:2 | Found a huge runed gate.
 42771 | Vaults:2 | Found a huge runed gate.
 42771 | Vaults:2 | Found a huge runed gate.
 42771 | Vaults:2 | Found a huge runed gate.
 42771 | Vaults:2 | Found a huge runed gate.
 42771 | Vaults:2 | Found a huge runed gate.
 42771 | Vaults:2 | Found a huge runed gate.
 42772 | Vaults:2 | Found a huge runed gate.
 42773 | Vaults:2 | Found a huge runed gate.
 42774 | Vaults:2 | Found a huge runed gate.
 42811 | Vaults:2 | Found a huge runed gate.
 42811 | Vaults:2 | Found a huge runed gate.
 42811 | Vaults:2 | Found a huge runed gate.
 42811 | Vaults:2 | Found a huge runed gate.
 42811 | Vaults:2 | Found a huge runed gate.
 42811 | Vaults:2 | Found a huge runed gate.
 42812 | Vaults:2 | Found a huge runed gate.
 42813 | Vaults:2 | Found a huge runed gate.
 42862 | Vaults:2 | Reached skill level 27 in Fighting
 43030 | Vaults:2 | Noticed Saint Roka
 43058 | Vaults:2 | Killed Saint Roka
 43446 | Vaults:2 | Reached XP level 22. HP: 209/209 MP: 22/22
 44208 | Vaults:3 | Found a staircase to the Crypt.
 44208 | Vaults:3 | Found an ancient bone altar of Kikubaaqudgha.
 44209 | Vaults:3 | Found a basalt altar of Yredelemnul.
 46438 | Vaults:5 | Entered Level 5 of the Vaults
 46596 | Vaults:5 | Noticed an ancient lich
 46599 | Vaults:5 | Reached XP level 23. HP: 201/216 MP: 20/23
 47043 | Vaults:5 | Killed an ancient lich
 47306 | Vaults:5 | Got a silver rune of Zot
 47806 | Vaults:5 | Reached skill level 27 in Axes
 48022 | Vaults:5 | Noticed a dread lich
 48034 | Vaults:5 | Killed a dread lich
 48150 | Vaults:5 | Got the Book of Arcane Weapons and the Volcanoes
 48261 | Vaults:5 | Noticed a dread lich
 48298 | Vaults:5 | Killed a dread lich
 48835 | Vaults:5 | Noticed a dread lich
 48845 | Vaults:5 | Killed a dread lich
 48928 | Vaults:5 | Got Sif Muna's Parchment of Unholy Rites and Earth
 48936 | Vaults:5 | Identified the +1 falchion of Floral Offence {freeze, Fly
                  | rPois Will-}
 48940 | Vaults:5 | Found Inuitwoa's Jewellery Emporium.
 48995 | Vaults:5 | Identified the +1 helmet "Sourug" {rElec Dex+3}
 49013 | Vaults:5 | Identified the amulet "Vani" {Acrobat Harm rPois rCorr}
 49031 | Vaults:5 | Identified the +5 scimitar "Xusuel" {pain, Will+}
 49286 | Depths:1 | Entered Level 1 of the Depths
 49408 | Depths:1 | Found Plog's Book Boutique.
 49423 | Depths:1 | Found Mopral's General Store.
 49425 | Depths:1 | Found Qigrucve's Magic Scroll Boutique.
 49429 | Depths:1 | Bought a manual of Stealth for 1520 gold pieces
 49433 | Depths:1 | Bought a scroll of summoning for 123 gold pieces
 49433 | Depths:1 | Bought a scroll of teleportation for 39 gold pieces
 49435 | Depths:1 | Identified the +8 scimitar of Zaiv {vorpal, Dex+7}
 49462 | Depths:1 | Reached skill level 1 in Stealth
 49574 | Depths:1 | Reached XP level 24. HP: 198/224 MP: 21/23
 49717 | Depths:1 | Identified the +7 morningstar of Nyboosh {protect, Int+4}
 49752 | Depths:1 | Reached skill level 5 in Stealth
 49812 | Depths:1 | Found a gateway to Hell.
 49862 | Depths:1 | Found the +8 Wrath of Trog {antimagic, *Rage Rampage}
 49920 | Depths:1 | Found a one-way gate leading to the halls of Pandemonium.
 50498 | Depths:2 | Identified the +6 long sword of Famine {drain, rF+ Str+6
                  | Int-3}
 50811 | Depths:2 | Reached skill level 10 in Stealth
 51170 | Depths:2 | Identified the +1 robe "Xara" {rPois rN+ Str+4 Int-2}
 51245 | Depths:2 | Found a one-way gateway to a ziggurat.
 51245 | Depths:2 | Found the +7 sceptre of Torment {pain, torment}
 51290 | Depths:2 | Noticed a caustic shrike
 51299 | Depths:2 | Killed a caustic shrike
 51325 | Depths:2 | Found a one-way gate to the infinite horrors of the Abyss.
 51525 | Depths:2 | Noticed a juggernaut
 51553 | Depths:2 | Killed a juggernaut
 52048 | Depths:3 | Paralysed by a floating eye for 4 turns
 52333 | Depths:3 | Identified the +0 leather armour of Ru's Wrath {rN+ Dex+8
                  | Slay-2}
 53080 | Depths:3 | Reached skill level 15 in Stealth
 53080 | Depths:3 | Noticed a juggernaut
 53093 | Depths:3 | Reached XP level 25. HP: 215/231 MP: 20/23
 53110 | Depths:3 | Killed a juggernaut
 53795 | Depths:4 | Entered Level 4 of the Depths
 53858 | Depths:4 | Found a gate to the Realm of Zot.
 53975 | Depths:4 | Identified the +4 chain mail of the Original Sin {*Slow
                  | Int+4}
 53980 | Depths:4 | Found a hazy altar of Hepliaklqana.
 54053 | Depths:4 | Found a magical portal.
 54061 | WizLab   | Entered Yara's Duelist Academy
 54176 | WizLab   | Noticed Fuchunea
 54185 | WizLab   | Killed Fuchunea the Head Instructor
 54343 | WizLab   | Found the +5 demon whip "Spellbinder" {antimagic, Will+}
 55194 | Depths:4 | Upgraded the game from 0.30-a0-459-g9104f0fc43 to
                  | 0.30-a0-462-gd5975efbca
 55210 | Depths:4 | Bought the +1 helmet of Wonder {rN+ Regen+ Dex+3 Slay+3}
                  | for 752 gold pieces
 55227 | Depths:4 | Bought a pair of glowing gloves for 262 gold pieces
 55295 | Depths:3 | Voluntarily entered the Abyss.
 55464 | Abyss:3  | Got an abyssal rune of Zot
 55738 | Abyss:3  | Paralysed by an air elemental for 1 turns
 55765 | Abyss:3  | Paralysed by accursed screaming for 1 turns
 55806 | Abyss:3  | Found a corrupted altar of Lugonu.
 56015 | Abyss:3  | Reached XP level 26. HP: 239/239 MP: 23/23
 56148 | Abyss:3  | Paralysed by accursed screaming for 1 turns
 56466 | Abyss:3  | Gained mutation: You are very frail. (-20% HP) [a neqoxec]
 56468 | Abyss:3  | Gained mutation: You have sharp fingernails. [a neqoxec]
 57733 | Abyss:3  | Paralysed by you for 3 turns
 57742 | Abyss:3  | Gained mutation: You are weak. (Str -2) [a shining eye]
 57745 | Abyss:3  | Gained mutation: Armour fits poorly on your strangely
                  | shaped body. [a shining eye]
 57755 | Abyss:3  | Gained mutation: You occasionally shout uncontrollably at
                  | your foes. [a shining eye]
 57878 | Abyss:3  | Gained mutation: Your magical capacity is low. (-10% MP) [a
                  | shining eye]
 58134 | Abyss:3  | Reached XP level 27. HP: 190/218 MP: 18/20
 58572 | Depths:3 | Escaped the Abyss
 58587 | Depths:3 | Lost mutation: You occasionally shout uncontrollably at
                  | your foes. [potion of mutation]
 58587 | Depths:3 | Lost mutation: You have sharp fingernails. [potion of
                  | mutation]
 58587 | Depths:3 | Lost mutation: A frigid envelope surrounds you and freezes
                  | all who hurt you. [potion of mutation]
 58587 | Depths:3 | Gained mutation: You are clumsy. (Dex -2) [potion of
                  | mutation]
 58587 | Depths:3 | Lost mutation: Your magical capacity is low. (-10% MP)
                  | [potion of mutation]
 58588 | Depths:3 | Lost mutation: Armour fits poorly on your strangely shaped
                  | body. [potion of mutation]
 58588 | Depths:3 | Lost mutation: You are weak. (Str -2) [potion of mutation]
 58588 | Depths:3 | Lost mutation: You are clumsy. (Dex -2) [potion of
                  | mutation]
 58588 | Depths:3 | Gained mutation: You expend magic power (3 MP) to
                  | strengthen your wands. [potion of mutation]
 58588 | Depths:3 | Gained mutation: You are somewhat resistant to further
                  | mutation. [potion of mutation]
 59026 | Depths:3 | Lost mutation: You are very frail. (-20% HP) [potion of
                  | mutation]
 59026 | Depths:3 | Lost mutation: You are frail. (-10% HP) [potion of
                  | mutation]
 59026 | Depths:3 | Lost mutation: You are somewhat resistant to further
                  | mutation. [potion of mutation]
 59026 | Depths:3 | Gained mutation: You are frail. (-10% HP) [potion of
                  | mutation]
 59048 | Depths:3 | Voluntarily entered the Abyss.
 59343 | Abyss:3  | Found an ancient bone altar of Kikubaaqudgha.
 59462 | Abyss:3  | Reached skill level 27 in Shields
 59504 | Abyss:3  | Found an ancient bone altar of Kikubaaqudgha.
 59689 | Abyss:3  | Gained mutation: You have a pair of small antennae on your
                  | head. [a neqoxec]
 59690 | Abyss:3  | Lost mutation: You are frail. (-10% HP) [a neqoxec]
 59838 | Abyss:3  | Gained mutation: You are frail. (-10% HP) [a neqoxec]
 59917 | Abyss:3  | Reached skill level 27 in Armour
 59968 | Abyss:3  | Gained mutation: You are clumsy. (Dex -2) [a neqoxec]
 60499 | Abyss:3  | Gained mutation: You sometimes lose your temper in combat.
                  | [a neqoxec]
 60504 | Abyss:3  | Gained mutation: You are strong-willed. (Will+) [a neqoxec]
 60663 | Abyss:3  | Found a corrupted altar of Lugonu.
 61186 | Abyss:3  | Reached skill level 1 in Dodging
 61292 | Abyss:4  | Gained mutation: You are weak. (Str -2) [a neqoxec]
 61544 | Depths:3 | Escaped the Abyss
 61824 | Depths:3 | Lost mutation: You are strong-willed. (Will+) [potion of
                  | mutation]
 61824 | Depths:3 | Lost mutation: You are weak. (Str -2) [potion of mutation]
 61824 | Depths:3 | Lost mutation: You are clumsy. (Dex -2) [potion of
                  | mutation]
 61824 | Depths:3 | Lost mutation: You expend magic power (3 MP) to strengthen
                  | your wands. [potion of mutation]
 61824 | Depths:3 | Gained mutation: You are clumsy. (Dex -2) [potion of
                  | mutation]
 61824 | Depths:3 | Gained mutation: Your muscles are strong. (Str +4, Int/Dex
                  | -1) [potion of mutation]
 61825 | Depths:3 | Lost mutation: You have a pair of small antennae on your
                  | head. [potion of mutation]
 61825 | Depths:3 | Lost mutation: You are frail. (-10% HP) [potion of
                  | mutation]
 61825 | Depths:3 | Gained mutation: Your system is resistant to poisons.
                  | (rPois) [potion of mutation]
 61825 | Depths:3 | Lost mutation: You sometimes lose your temper in combat.
                  | [potion of mutation]
 61825 | Depths:3 | Gained mutation: Your mind is acute. (Int +4, Str/Dex -1)
                  | [potion of mutation]
 62111 | Crypt:1  | Entered Level 1 of the Crypt
 62492 | Crypt:1  | Reached skill level 5 in Dodging
 63774 | Crypt:3  | Entered Level 3 of the Crypt
 63848 | Crypt:3  | Identified the ring of Foulaid {Ice rPois rCorr Str-5
                  | Dex+4}
 63848 | Crypt:3  | Noticed Josephina
 63857 | Crypt:3  | Killed Josephina
 64542 | Crypt:3  | Reached skill level 10 in Dodging
 64590 | Crypt:3  | Found a basalt altar of Yredelemnul.
 64931 | Crypt:3  | Identified the ring "Juilin" {Ice rCorr}
 64945 | Crypt:3  | Identified the +5 spear of the Grim God {speed, *Noise rN+
                  | Int+4}
 65199 | Crypt:3  | Found a staircase to the Tomb.
 65391 | Crypt:3  | Noticed Mennas
 65409 | Crypt:3  | Killed Mennas
 65935 | Crypt:3  | Got the Book of Dynamic Combustion
 66431 | Zot:1    | Entered Level 1 of the Realm of Zot
 67827 | Zot:2    | Found a transporter.
 67833 | Zot:2    | Found a transporter.
 67845 | Zot:2    | Found a transporter.
 68118 | Zot:2    | Found a transporter.
 68451 | Zot:2    | Reached skill level 15 in Dodging
 69770 | Zot:2    | Bought a pair of glowing gloves for 345 gold pieces
 69799 | Abyss:4  | Cast into level 4 of the Abyss (Killer Klown)
 70007 | Zot:2    | Escaped the Abyss
 70786 | Zot:3    | You fall into a shaft and drop 1 floor!
 70867 | Zot:4    | Identified the +1 leather armour of Gozag's Envy {rC+ rN+}
 71067 | Zot:4    | Noticed Parghit
 71087 | Zot:4    | Killed Parghit
 71924 | Zot:5    | Entered Level 5 of the Realm of Zot
 72222 | Zot:5    | Noticed an ancient lich
 72239 | Zot:5    | Killed an ancient lich
 72290 | Zot:5    | Noticed a dread lich
 72299 | Zot:5    | Noticed an orb of fire
 72300 | Zot:5    | Gained mutation: You have hidden genetic defects. [an orb
                  | of fire]
 72313 | Zot:5    | Gained mutation: You occasionally shout uncontrollably at
                  | your foes. [an orb of fire]
 72323 | Zot:5    | Killed an orb of fire
 72337 | Zot:5    | Killed a dread lich
 72398 | Zot:5    | Noticed an orb of fire
 72410 | Zot:5    | Gained mutation: You occasionally lose the ability to read
                  | scrolls when taking damage. [hidden defects]
 72412 | Zot:5    | Noticed a dread lich
 72424 | Zot:5    | Noticed an ancient lich
 72428 | Zot:5    | Noticed an ancient lich
 72450 | Zot:5    | Noticed an ancient lich
 72460 | Zot:5    | Killed an ancient lich
 72518 | Zot:5    | Gained mutation: Your body sometimes deteriorates upon
                  | taking damage. [an orb of fire]
 72545 | Zot:5    | Gained mutation: Armour fits poorly on your strangely
                  | shaped body. [an orb of fire]
 72548 | Zot:5    | Killed an orb of fire
 72565 | Zot:5    | Lost mutation: Your body sometimes deteriorates upon taking
                  | damage. [potion of mutation]
 72565 | Zot:5    | Lost mutation: Your muscles are strong. (Str +4, Int/Dex
                  | -1) [potion of mutation]
 72565 | Zot:5    | Lost mutation: Armour fits poorly on your strangely shaped
                  | body. [potion of mutation]
 72565 | Zot:5    | Lost mutation: You have hidden genetic defects. [potion of
                  | mutation]
 72565 | Zot:5    | Lost mutation: You occasionally lose the ability to read
                  | scrolls when taking damage. [potion of mutation]
 72565 | Zot:5    | Gained mutation: Your body sometimes deteriorates upon
                  | taking damage. [potion of mutation]
 72566 | Zot:5    | Lost mutation: Your body sometimes deteriorates upon taking
                  | damage. [potion of mutation]
 72566 | Zot:5    | Lost mutation: Your mind is acute. (Int +4, Str/Dex -1)
                  | [potion of mutation]
 72566 | Zot:5    | Gained mutation: You are weak. (Str -2) [potion of
                  | mutation]
 72566 | Zot:5    | Gained mutation: You sometimes lose your temper in combat.
                  | [potion of mutation]
 72566 | Zot:5    | Lost mutation: You occasionally shout uncontrollably at
                  | your foes. [potion of mutation]
 72566 | Zot:5    | Gained mutation: You expend magic power (3 MP) to
                  | strengthen your wands. [potion of mutation]
 72567 | Zot:5    | Lost mutation: You sometimes lose your temper in combat.
                  | [potion of mutation]
 72567 | Zot:5    | Lost mutation: You are clumsy. (Dex -2) [potion of
                  | mutation]
 72567 | Zot:5    | Lost mutation: Your system is resistant to poisons. (rPois)
                  | [potion of mutation]
 72567 | Zot:5    | Gained mutation: You passively dampen the noise of your
                  | surroundings. [potion of mutation]
 72567 | Zot:5    | Gained mutation: You have large cloven feet. [potion of
                  | mutation]
 72567 | Zot:5    | Gained mutation: Your spells are a little harder to cast,
                  | but a little more powerful. [potion of mutation]
 72894 | Zot:5    | Killed an ancient lich
 73048 | Zot:5    | Killed a dread lich
 73138 | Zot:5    | Killed an ancient lich
 73599 | Depths:3 | Voluntarily entered the Abyss.
 74103 | Abyss:4  | Paralysed by an air elemental for 1 turns
 74114 | Abyss:4  | Paralysed by accursed screaming for 1 turns
 74231 | Depths:3 | Escaped the Abyss
 74647 | Crypt:3  | Bought the amulet "Olow" {rElec rC- Will++ Regen+ Dex+2}
                  | for 1159 gold pieces
 75116 | Slime:1  | Entered Level 1 of the Pits of Slime
 75247 | Slime:1  | Gained mutation: Your magical capacity is extremely low.
                  | (-30% MP) [a shining eye]
 75251 | Slime:1  | Gained mutation: Armour fits poorly on your strangely
                  | shaped body. [a shining eye]
 75621 | Slime:1  | Lost mutation: Armour fits poorly on your strangely shaped
                  | body. [potion of mutation]
 75621 | Slime:1  | Lost mutation: You expend magic power (3 MP) to strengthen
                  | your wands. [potion of mutation]
 75621 | Slime:1  | Lost mutation: You passively dampen the noise of your
                  | surroundings. [potion of mutation]
 75621 | Slime:1  | Gained mutation: You are frail. (-10% HP) [potion of
                  | mutation]
 75621 | Slime:1  | Gained mutation: You have hidden genetic potential. [potion
                  | of mutation]
 75974 | Slime:2  | Lost mutation: You are weak. (Str -2) [potion of mutation]
 75974 | Slime:2  | Lost mutation: Your magical capacity is low. (-10% MP)
                  | [potion of mutation]
 75974 | Slime:2  | Gained mutation: You expend magic power (3 MP) to
                  | strengthen your wands. [potion of mutation]
 75974 | Slime:2  | Lost mutation: You are frail. (-10% HP) [potion of
                  | mutation]
 75974 | Slime:2  | Gained mutation: You passively map a small area around you.
                  | [potion of mutation]
 76304 | Slime:4  | Gained mutation: You are dopey. (Int -2) [a shining eye]
 76306 | Slime:4  | Gained mutation: Your body sometimes deteriorates upon
                  | taking damage. [a shining eye]
 76453 | Slime:5  | Entered Level 5 of the Pits of Slime
 76558 | Slime:5  | Noticed the Royal Jelly
 78283 | Lair:4   | Lost mutation: Your spells are a little harder to cast, but
                  | a little more powerful. [potion of mutation]
 78283 | Lair:4   | Lost mutation: You expend magic power (3 MP) to strengthen
                  | your wands. [potion of mutation]
 78283 | Lair:4   | Lost mutation: You are dopey. (Int -2) [potion of mutation]
 78283 | Lair:4   | Gained mutation: You are dopey. (Int -2) [potion of
                  | mutation]
 78283 | Lair:4   | Gained mutation: You have great hidden genetic potential.
                  | [potion of mutation]
 78363 | Slime:5  | Killed the Royal Jelly
 78690 | Slime:5  | Gained mutation: You are weak. (Str -2) [a shining eye]
 78691 | Slime:5  | Found the +3 giant club "Skullcrusher" {speed, Str+7}
 79014 | Slime:5  | Got a slimy rune of Zot
 79068 | Slime:5  | Identified the +4 morningstar of Disharmony {holy, rElec
                  | rF- rC+ MP+9}
 79517 | Slime:5  | Lost mutation: Your body sometimes deteriorates upon taking
                  | damage. [potion of mutation]
 79517 | Slime:5  | Lost mutation: You have large cloven feet. [potion of
                  | mutation]
 79517 | Slime:5  | Lost mutation: You are weak. (Str -2) [potion of mutation]
 79517 | Slime:5  | Gained mutation: Your spells are a little harder to cast,
                  | but a little more powerful. [potion of mutation]
 79924 | Depths:3 | Bought the +1 helmet "Saeg" {rN+ Dex+2 Stlth-} for 446 gold
                  | pieces
 80155 | Zig:1    | Entered Level 1 of a ziggurat
 80184 | Zig:2    | Entered Level 2 of a ziggurat
 80449 | Zig:3    | Entered Level 3 of a ziggurat
 80450 | Zig:3    | Noticed a dread lich
 80461 | Zig:3    | Identified the +1 pair of gloves "Ykkanleots" {Harm Dex-2
                  | Slay+6}
 80809 | Hell     | Entered the Vestibule of Hell
 80809 | Hell     | Noticed Geryon
 80887 | Hell     | Killed Geryon
 81810 | Hell     | Found a gateway to the freezing wastes of Cocytus.
 81899 | Hell     | Found a gateway to the decaying netherworld of Tartarus.
 81945 | Hell     | Found a gateway to the ashen valley of Gehenna.
 82040 | Hell     | Found a gateway to the Iron City of Dis.
 82164 | Depths:2 | Voluntarily entered the Abyss.
 82237 | Abyss:4  | Found a corrupted altar of Lugonu.
 82464 | Abyss:4  | Gained mutation: You possess an exceptional clarity of
                  | mind. [hidden potential]
 82468 | Abyss:4  | Gained mutation: Your body sometimes deteriorates upon
                  | taking damage. [a cacodemon]
 82759 | Abyss:4  | Lost mutation: You have great hidden genetic potential. [a
                  | neqoxec]
 82921 | Abyss:4  | Lost mutation: Your spells are a little harder to cast, but
                  | a little more powerful. [a neqoxec]
 82994 | Abyss:4  | Paralysed by you for 2 turns
 83110 | Depths:2 | Escaped the Abyss
 83417 | Depths:2 | Lost mutation: You possess an exceptional clarity of mind.
                  | [potion of mutation]
 83417 | Depths:2 | Lost mutation: You have hidden genetic potential. [potion
                  | of mutation]
 83417 | Depths:2 | Lost mutation: Your body sometimes deteriorates upon taking
                  | damage. [potion of mutation]
 83417 | Depths:2 | Lost mutation: You passively map a small area around you.
                  | [potion of mutation]
 83417 | Depths:2 | Gained mutation: You are strong-willed. (Will+) [potion of
                  | mutation]
 83567 | Depths:3 | Voluntarily entered the Abyss.
 83567 | Abyss:4  | Found a corrupted altar of Lugonu.
 83636 | Abyss:4  | Found a corrupted altar of Lugonu.
 84573 | Abyss:4  | Noticed a dread lich
 84584 | Abyss:4  | Killed a dread lich
 84760 | Abyss:4  | Gained mutation: You are frail. (-10% HP) [a cacodemon]
 85073 | Abyss:4  | Reached skill level 27 in Dodging
 85088 | Abyss:4  | Reached skill level 1 in Evocations
 85416 | Abyss:4  | Reached skill level 5 in Evocations
 85466 | Abyss:4  | Gained mutation: You have a pair of small horns on your
                  | head. [a neqoxec]
 85477 | Abyss:4  | Gained mutation: You occasionally lose the ability to read
                  | scrolls when taking damage. [a neqoxec]
 85482 | Abyss:4  | Gained mutation: You are weak. (Str -2) [a neqoxec]
 85667 | Abyss:4  | Gained mutation: You are very frail. (-20% HP) [a neqoxec]
 85775 | Depths:3 | Escaped the Abyss
 86149 | Depths:3 | Lost mutation: You have a pair of small horns on your head.
                  | [potion of mutation]
 86149 | Depths:3 | Lost mutation: You are weak. (Str -2) [potion of mutation]
 86149 | Depths:3 | Lost mutation: You occasionally lose the ability to read
                  | scrolls when taking damage. [potion of mutation]
 86150 | Depths:3 | Lost mutation: You are strong-willed. (Will+) [potion of
                  | mutation]
 86150 | Depths:3 | Lost mutation: You are very frail. (-20% HP) [potion of
                  | mutation]
 86150 | Depths:3 | Gained mutation: You are clumsy. (Dex -2) [potion of
                  | mutation]
 86150 | Depths:3 | Gained mutation: Your magical capacity is low. (-10% MP)
                  | [potion of mutation]
 86150 | Depths:3 | Lost mutation: Your magical capacity is low. (-10% MP)
                  | [potion of mutation]
 86150 | Depths:3 | Lost mutation: You are clumsy. (Dex -2) [potion of
                  | mutation]
 86151 | Depths:3 | Lost mutation: You are dopey. (Int -2) [potion of mutation]
 86151 | Depths:3 | Lost mutation: You are frail. (-10% HP) [potion of
                  | mutation]
 86151 | Depths:3 | Gained mutation: You have a pair of small horns on your
                  | head. [potion of mutation]
 86151 | Depths:3 | Gained mutation: You sometimes lose your temper in combat.
                  | [potion of mutation]
 86151 | Depths:3 | Gained mutation: You are robust. (+10% HP) [potion of
                  | mutation]
 86152 | Depths:3 | Lost mutation: You are robust. (+10% HP) [potion of
                  | mutation]
 86152 | Depths:3 | Lost mutation: You sometimes lose your temper in combat.
                  | [potion of mutation]
 86152 | Depths:3 | Gained mutation: You have a somewhat thin skeletal
                  | structure. (Dex +2, Stealth+) [potion of mutation]
 86152 | Depths:3 | Gained mutation: You do not regenerate when monsters are
                  | visible. [potion of mutation]
 86152 | Depths:3 | Gained mutation: Your spells are a little harder to cast,
                  | but a little more powerful. [potion of mutation]
 86153 | Depths:3 | Lost mutation: You have a pair of small horns on your head.
                  | [potion of mutation]
 86153 | Depths:3 | Lost mutation: You have a somewhat thin skeletal structure.
                  | (Dex +2, Stealth+) [potion of mutation]
 86153 | Depths:3 | Gained mutation: You occasionally shout uncontrollably at
                  | your foes. [potion of mutation]
 86153 | Depths:3 | Gained mutation: Your muscles are strong. (Str +4, Int/Dex
                  | -1) [potion of mutation]
 86154 | Depths:3 | Lost mutation: You do not regenerate when monsters are
                  | visible. [potion of mutation]
 86154 | Depths:3 | Lost mutation: You occasionally shout uncontrollably at
                  | your foes. [potion of mutation]
 86154 | Depths:3 | Gained mutation: You are strong-willed. (Will+) [potion of
                  | mutation]
 86486 | Coc:1    | Entered Level 1 of Cocytus
 86523 | Coc:1    | Reached skill level 10 in Evocations
 87007 | Coc:2    | Paralysed by a wendigo for 1 turns
 87825 | Geh:1    | Entered Level 1 of Gehenna
 88161 | Geh:2    | Noticed an ancient lich
 88173 | Geh:2    | Killed an ancient lich
 89058 | Hell     | Bought a steaming cloak for 484 gold pieces
 89058 | Hell     | Identified the +2 cloak "Juegh" {Str+4 Slay+2} (You bought
                  | it in a shop in the Vestibule of Hell)
 89058 | Hell     | Bought a smoking cloak for 484 gold pieces
 89058 | Hell     | Identified the +1 cloak of Axzitik {Regen+} (You bought it
                  | in a shop in the Vestibule of Hell)
 90474 | Geh:4    | Reached skill level 15 in Evocations
 92563 | Geh:7    | Entered Level 7 of Gehenna
 93140 | Geh:7    | Bought 3 scrolls of teleportation for 117 gold pieces
 93140 | Geh:7    | Bought a scroll of teleportation for 39 gold pieces
 93140 | Geh:7    | Bought a scroll of teleportation for 39 gold pieces
 94019 | Geh:7    | Identified the +2 pair of boots of Recklessness {rF+ Will++
                  | Dex-2}
 94085 | Geh:7    | Found the +7 sceptre of Asmodeus
 94085 | Geh:7    | Noticed Asmodeus
 94098 | Geh:7    | HP: 13/273 [Brimstone Fiend/damnation (31)]
 94102 | Geh:7    | Killed from afar by a Brimstone Fiend

Illustrated notes

Levels and vault maps discovered:
D:1:      ncdulo_halloftheorcs, layout_basic
D:2:      kennysheep_big_flooded_room, layout_basic, basic_altar
D:3:      minmay_door_path, layout_basic, uniq_jessica
D:4:      layout_basic, minmay_temple_entry_water_ring, portal_sewer_entry_d
D:5:      layout_basic, ebering_ghost_disaster_area, uniq_eustachio,
          uniq_edmund, uniq_grinder
D:6:      layout_gridville, dreamdust_gnoll_farm
D:7:      layout_gridville, enter_ossuary_2
D:8:      layout_rooms, chequers_temple_overflow_minitemple,
          kennysheep_little_box, due_lair_maze_entry_diamond, serial_shops,
          shop_statue, nicolae_shop_hallway_plus, nicolae_square_shop, shop,
          nicolae_shop_advertising_works [nicolae_subvault_shop_adworks],
          nicolae_titane, uniq_maurice, uniq_pikel
D:9:      nicolae_cairo_tiling_large, layout_basic, enter_bailey_7,
          grunt_ministairs_12
D:10:     layout_irregular_city
D:11:     layout_basic, portal_ice_cave_entry_pillars_2
D:12:     layout_roguey, david_orc_3, nicolae_fountain_basement, uniq_sonja
D:13:     layout_basic, nicolae_vehumet_radiance
D:14:     layout_loops_ring, grunt_vaults_entry_tiered, gauntlet_entry_generic,
          nrook_uturn, nicolae_dithmenos_through_a_glass_darkly
D:15:     grunt_enter_depths_snipers, layout_gridville, abandoned_shop,
          serial_shops, shop
Temple:   kb_temple_of_zot
Lair:1:   beast_lair_carwin_large_3, layout_small_grid
Lair:2:   layout_gridlike, dummy_spider_entry
Lair:3:   layout_regular_city, nicolae_swamp_entry_splash_gauntlet, uniq_kirke
Lair:4:   layout_gridlike, slime_entry_1, ebering_ghost_funeral_grove
Lair:5:   cheibrodos_lair_end_hotspot, layout_long_grid,
          nicolae_volcano_entry_two_sided, serial_bayou_shore_b
Swamp:1:  layout_falls_marsh, serial_swamp_ruin, evilmike_swamp_ruin_house_5,
          evilmike_swamp_ruin_house_3, hangedman_swamp_ruin_wall, swamp_pool2
Swamp:2:  layout_basic_swamp, lemuel_altar_in_water2, swamp_pool1, uniq_donald
Swamp:3:  layout_basic_swamp, evilmike_swamp_ruin_wall, swamp_pool3,
          st_swamp_ruins_4, infiniplex_staircase_pool_2, uniq_nikola
Swamp:4:  swamp_vile, layout_basic_swamp
Spider:1: layout_spider_delve
Spider:2: cheibrodos_forgotten_conduit, uniq_jorgrun
Spider:3: layout_spider_delve, drop_trap, uniq_azrael
Spider:4: grunt_spider_rune_island
Slime:1:  layout_caves
Slime:2:  layout_caves
Slime:3:  layout_caves
Slime:4:  layout_caves, uniq_dissolution
Slime:5
Orc:1:    layout_diamond_mine
Orc:2:    kennysheep_orc_mage_school, layout_caves, minmay_orc_keep
Elf:1:    nicolae_elf_arrival_dilemma, layout_gridlike, serial_shops,
          nicolae_shop_stone, minmay_elf_sorcery, nicolae_elf_martial_mastery,
          minmay_shop_grove, uniq_roxanne
Elf:2:    elven_hall_of_blades_hangedman_alternative [nicolae_blade_bullseye],
          layout_geoelf_diagonals, serial_shops, nicolae_shop_behind_doors
Elf:3:    grunt_elf_hall_asides, layout_gridlike, serial_shops, freezing_bzr
Vaults:1: gammafunk_its_a_trap, nicolae_vaults_rhombus_7,
          nicolae_vaults_bisected_inception, vaults_mumra_minichess_inversion,
          v_misc_14, ontoclasm_vaults_spin, vaults_room_corners,
          ontoclasm_vaults_hangar, v_alt_pattern_5, vaults_room_fours,
          hangedman_vaults_nails, nicolae_vaults_angled_halls,
          nicolae_vaults_little_squares_5, nicolae_vaults_diagonal_hallway_9,
          nicolae_vaults_diagonal_hallway_6, layout_vaults_big_cross
Vaults:2: hangedman_vaults_locks, vaults_mumra_chevron, grunt_vaults_twisty,
          vaults_room_ringed_pool, not_door_vault_due,
          nicolae_vaults_windows_and_doors_thing, v_misc_33,
          nicolae_vaults_network_star, hangedman_vaults_capsules,
          nicolae_vaults_shelves_hall, nicolae_vaults_little_ls,
          vaults_room_hallway, vaults_room_hallway, layout_vaults_maze_bifur,
          uniq_saint_roka
Vaults:3: v_alt_pattern_1, v_misc_23, nicolae_vaults_display_case,
          hangedman_vaults_maws, minmay_crypt_entry_necro_gods,
          vaults_mumra_lcd, vaults_dpeg_diagonal, vaults_dpeg_ring,
          vaults_room_door_ring, layout_vaults_chaotic_city
Vaults:4: ontoclasm_vaults_bender, v_rooms_1, ontoclasm_vaults_ring_square,
          nicolae_vaults_gold_heap, hangedman_vaults_trim,
          nicolae_vaults_triangles, hangedman_vaults_restitches,
          hangedman_vaults_slither, layout_vaults_omnibox
Vaults:5: serial_shops
Crypt:1:  layout_chaotic_city, grunt_megastairs_3
Crypt:2:  layout_regular_city
Crypt:3:  evilmike_haunted_forest, uniq_mennas, uniq_josephina
Depths:1: layout_long_grid, rand_demon_pan_entry_5, hell_entry,
          hangedman_abyss_or_decor_stabs, minmay_guarded_unrand_wrath_of_trog,
          minmay_shop_star
Depths:2: box_level_dp, pan_entry, abyss_entry, hell_entry
Depths:3: minmay_quarter_circles, layout_cave_shapes, abyss_entry, hell_entry,
          serial_glass, glass_columns_b, glass_columns_a,
          chequers_serial_rivers_micro_d
Depths:4: grunt_crosshair, layout_gridlike, mu_enter_wizlab_6,
          nicolae_hepliaklqana_hazy_memory, grunt_mini_vestibule
Hell
Geh:1:    layout_gehenna_pools_triple, nicolae_geh_single_fiery_grave
Geh:2:    layout_gehenna_pools_box
Geh:3:    layout_gehenna_pools_triple
Geh:4:    layout_gehenna_pools_triple, hangedman_elemental_grid_stream
Geh:5:    layout_gehenna_pools_triple
Geh:6:    nicolae_hells_giants_party, layout_gehenna_lava_caves
Geh:7:    geh_mu
Coc:1:    layout_cocytus_water_paths
Coc:2:    nicolae_coc_on_the_berg
Coc:3:    layout_cocytus_water_paths
Zot:1:    layout_basic, grunt_megastairs_1
Zot:2:    layout_onion_interference, st_stairs_7, grunt_ministairs_3,
          nicolae_transporter_intersection
Zot:3:    layout_misc_corridors, evilmike_ambush [evilmike_ambush_outer_basic,
          evilmike_ambush_inner_pond], lemuel_elevator
Zot:4:    kennysheep_six_static_rooms, layout_cathedral_of_symmetry,
          st_stairs_3, skrybe_zot_glass_2, uniq_parghit
Zot:5:    layout_basic, hangedman_zot_decor_tridents

Skill      XL: |  1  2  3  4  5  6  7  8  9 10 11 12 13 14 15 16 17 18 19 20 21 22 23 24 25 26 27 |
---------------+----------------------------------------------------------------------------------+-----
Axes           | 3 4 5 6 7 9 11 12 14 15 17 18 19 20 21 22 23 25 26 27 | 27.0
Fighting       | 4 5 6 7 9 10 12 15 17 19 21 22 24 25 26 27 | 27.0
Armour         | 4 5 6 8 9 11 12 13 14 15 16 17 18 19 20 21 22 24 26 27 | 27.0
Shields        | 4 5 6 8 9 10 12 13 14 15 16 17 18 19 20 21 22 24 26 27 | 27.0
Stealth        | 3 15 18 20 | 20.4
Dodging        | 27 | 27.0
Evocations     | 19 | 19.8
Maces & Flails | |  0.2

Action                   |  1- 3 |  4- 6 |  7- 9 | 10-12 | 13-15 | 16-18 | 19-21 | 22-24 | 25-27 || total
-------------------------+-------+-------+-------+-------+-------+-------+-------+-------+-------++-------
Melee: War axe           |   100 |   127 |   173 |   304 |       |       |       |       |       ||   704
       Flail             |       |       |   107 |   246 |   182 |       |       |       |       ||   535
       Broad axe         |       |       |       |   119 |   727 |  1346 |  1496 |  1555 |  7980 || 13223
       Headbutt          |       |       |       |       |       |       |       |       |    76 ||    76
Throw: Throwing net      |       |       |       |       |       |       |       |       |     2 ||     2
Invok: Call Merchant     |       |       |     1 |     1 |     1 |     1 |     1 |       |    13 ||    18
       Potion Petition   |       |       |       |       |       |       |       |       |     1 ||     1
Evoke: Wand              |       |     5 |    13 |     5 |       |     1 |     1 |       |    24 ||    49
       Phantom mirror    |       |       |       |       |       |       |       |       |     2 ||     2
       Horn of Geryon    |       |       |       |       |       |       |       |       |     1 ||     1
       Condenser vane    |       |       |       |       |       |       |       |       |     1 ||     1
  Use: Potion            |     1 |       |     2 |       |       |     5 |     6 |       |    36 ||    50
       Scroll            |     2 |     4 |    13 |    13 |    12 |     4 |     7 |     2 |    29 ||    86
 Stab: Distracted        |       |       |     1 |     3 |     7 |     7 |    12 |    20 |   223 ||   273
       Held in net/web   |       |       |       |       |       |       |       |       |     1 ||     1
       Confused          |       |       |       |       |       |       |       |       |     2 ||     2
       Invisible         |       |       |       |       |       |       |       |       |     2 ||     2
Armor: Scale mail        |    46 |     5 |       |       |       |       |       |       |       ||    51
       Ring mail         |       |    56 |     3 |       |       |       |       |       |       ||    59
       Plate armour      |       |       |   210 |   418 |   380 |   527 |    56 |       |       ||  1591
       Gold dragon scale |       |       |       |       |       |       |   461 |   524 |  1889 ||  2874
Dodge: Dodged            |    61 |    58 |    85 |   153 |   156 |   233 |   156 |   291 |  1973 ||  3166
       Repelled          |       |       |       |       |     1 |    15 |    12 |     8 |    99 ||   135
Block: Buckler           |    23 |    20 |    19 |       |       |       |       |       |       ||    62
       Kite shield       |       |       |   197 |   492 |   514 |   684 |   709 |   713 |  3998 ||  7307

Table legend: (Time is in decaauts)
 A = Elapsed time spent in this place.
 B = Non-inter-level travel time spent in this place.
 C = Inter-level travel time spent in this place.
 D = Time resting spent in this place.
 E = Time spent auto-exploring this place.
 F = Levels seen in this place.
 G = Mean time per level.
                   A        B        C        D        E       F      G
               +--------+--------+--------+--------+--------+-----+--------+
         Total |  88479 |  78702 |   9777 |  10983 |  42380 |  86 | 1028.8 |
       Dungeon |  18416 |  14816 |   3600 |   2119 |   9702 |  15 | 1227.7 |
        Temple |    136 |     91 |     45 |      0 |     80 |   1 |  136.0 |
          Lair |   5868 |   4998 |    870 |    437 |   3378 |   5 | 1173.6 |
         Swamp |   3428 |   3293 |    135 |     94 |   2349 |   4 |  857.0 |
   Spider Nest |   3218 |   3089 |    129 |      0 |   2202 |   4 |  804.5 |
    Slime Pits |   4463 |   4111 |    352 |   1437 |   1708 |   5 |  892.6 |
  Orcish Mines |   2075 |   1634 |    441 |      0 |    829 |   2 | 1037.5 |
   Elven Halls |   4296 |   3984 |    312 |    467 |   2351 |   3 | 1432.0 |
        Vaults |   8875 |   7689 |   1186 |    478 |   5331 |   5 | 1775.0 |
         Crypt |   3969 |   3294 |    675 |      0 |   2274 |   3 | 1323.0 |
        Depths |   8753 |   7465 |   1288 |   2838 |   3257 |   4 | 2188.2 |
          Hell |   2057 |   1920 |    137 |   1206 |    316 |   1 | 2057.0 |
       Gehenna |   3758 |   3435 |    323 |    302 |    952 |   7 |  536.9 |
       Cocytus |   1144 |   1086 |     58 |     15 |    569 |   3 |  381.3 |
           Zot |   6312 |   6092 |    220 |   1369 |   2707 |   5 | 1262.4 |
         Abyss |   8207 |   8207 |      0 |      0 |   2739 |   8 | 1025.9 |
      Ziggurat |    298 |    298 |      0 |    218 |     11 |   3 |   99.3 |
        Bazaar |    172 |    172 |      0 |      0 |     76 |   1 |  172.0 |
         Sewer |    161 |    161 |      0 |      0 |     76 |   1 |  161.0 |
       Ossuary |    235 |    235 |      0 |      0 |    119 |   1 |  235.0 |
        Bailey |    407 |    407 |      0 |      0 |    186 |   1 |  407.0 |
      Ice Cave |    657 |    657 |      0 |      0 |    351 |   1 |  657.0 |
       Volcano |    476 |    476 |      0 |      0 |    231 |   1 |  476.0 |
        Wizlab |    446 |    446 |      0 |      0 |    249 |   1 |  446.0 |
      Gauntlet |    640 |    640 |      0 |      0 |    333 |   1 |  640.0 |
               +--------+--------+--------+--------+--------+-----+--------+

Top non-repeatable levels by time:
 Abyss:3: 4917 daAuts
Depths:2: 3801 daAuts
 Abyss:4: 3290 daAuts
Depths:3: 3118 daAuts
 Crypt:3: 2265 daAuts
   Zot:2: 2211 daAuts
     D:7: 2088 daAuts
Vaults:1: 2081 daAuts
     D:5: 2073 daAuts
    Hell: 2057 daAuts
Vaults:5: 1957 daAuts
   Elf:3: 1918 daAuts
    D:12: 1785 daAuts
Vaults:2: 1770 daAuts
Vaults:4: 1573 daAuts
